 Dungeon Crawl Stone Soup version 0.19.5 (webtiles) character file.

51 Hybris the Cutter (level 3, -6/19 HPs)
             Began as a Spriggan Abyssal Knight on Apr 2, 2017.
             Was a Follower of Lugonu.
             Mangled by Hybris's ghost (11 damage)
             ... on level 3 of the Dungeon.
             The game lasted 00:02:30 (1891 turns).

Hybris the Cutter (Spriggan Abyssal Knight)         Turns: 1891, Time: 00:02:30

Health: -6/19      AC:  2    Str: 12    XL:     3   Next: 57%
Magic:  5/5        EV: 19    Int: 13    God:    Lugonu [*.....]
Gold:   101        SH:  0    Dex: 16    Spells: 0 memorised, 2 levels left

rFire  x . .     SeeInvis +     a - +1 short sword
rCold  + . .     Gourm    .     b - +0 robe
rNeg   . . .     Faith    .     (shield restricted)
rPois  .         Spirit   .     (helmet restricted)
rElec  .         Reflect  .     (no cloak)
rCorr  .         Harm     .     (gloves unavailable)
MR     .....                    (boots unavailable)
Stlth  ++........               (no amulet)
                                e - ring of ice
                                d - +4 ring of strength

@: very quick
A: unfitting armour, antennae 1, see invisible, herbivore 3, speed 3, slow
metabolism 2
a: Depart the Abyss, Renounce Religion


You were on level 3 of the Dungeon.
You worshipped Lugonu.
Lugonu was aware of your devotion.
You were not hungry.

You visited 1 branch of the dungeon, and saw 3 of its levels.
You visited the Abyss 1 time.

You collected 101 gold pieces.

Inventory:

Hand Weapons
 a - a +1 short sword (weapon)
Armour
 b - a +0 robe (worn)
Jewellery
 d - a +4 ring of strength (left hand)
 e - a ring of ice (right hand)
Scrolls
 g - a scroll of remove curse
Potions
 f - a potion of flight {unknown}
 h - a potion of might {unknown}
 i - a potion of beneficial mutation
 j - a potion of magic {unknown}
 k - a potion of resistance {unknown}
Comestibles
 c - 2 bread rations


   Skills:
 - Level 2.4 Fighting
 * Level 3.9 Short Blades
 - Level 3.5 Dodging
 + Level 2.5 Stealth
 - Level 1.7 Invocations


You had 2 spell levels left.
You didn't know any spells.

Dungeon Overview and Level Annotations

Branches:
Dungeon (3/15)

Altars:
Elyvilon
Makhleb
The Shining One

Annotations:
D:3 Hybris's ghost, amateur OgFi


Innate Abilities, Weirdness & Mutations

You are very small and have problems with some larger weapons.
You are too small for most types of armour.
You have supernaturally acute eyesight. (SInv)
You are a herbivore.
You cover ground extremely quickly.
You need consume almost no food.
You have a pair of small antennae on your head.


Message History

Hybris's ghost is moderately damaged.
Hybris's ghost says, "Are you willing to die fighting?
I was!"
Hybris's ghost completely misses you.
You hit Hybris's ghost.
Hybris's ghost is moderately damaged.
Hybris's ghost misses you.
You closely miss Hybris's ghost.
Hybris's ghost is moderately damaged.
Hybris's ghost barely misses you.
You hit Hybris's ghost.
Hybris's ghost is moderately damaged.
Hybris's ghost misses you.
You hit Hybris's ghost.
Hybris's ghost is heavily damaged.
Hybris's ghost misses you.
You hit Hybris's ghost but do no damage.
Hybris's ghost is heavily damaged.
Hybris's ghost hits you!
Ouch! That really hurt!
You die...

######
#W...#
#.@..#
#.####
#. ##


You could see Hybris's ghost.

Vanquished Creatures
  2 adders (D:2)
  A dart slug (D:1)
  3 leopard geckos
  6 bats
  2 giant cockroaches
  6 goblins
  2 hobgoblins
  A frilled lizard (D:1)
  4 rats
  A lurking horror (Abyss:1)
28 creatures vanquished.

Notes
Turn   | Place    | Note
-------+----------+-------------------------------------------
     0 | Abyss:1  | Hybris the Spriggan Abyssal Knight began the quest for the Orb.
     0 | Abyss:1  | Reached XP level 1. HP: 11/11 MP: 3/3
    28 | Abyss:1  | Found a corrupted altar of Lugonu.
   149 | Abyss:1  | Noticed a raiju
   170 | Abyss:1  | Noticed a neqoxec
   182 | D:1      | Escaped the Abyss
   344 | D:1      | Reached * piety under Lugonu
   771 | D:1      | Reached skill level 1 in Stealth
   789 | D:1      | Reached XP level 2. HP: 16/16 MP: 4/4
  1240 | D:2      | Reached XP level 3. HP: 16/19 MP: 5/5
  1491 | D:2      | Found a glowing golden altar of the Shining One.
  1553 | D:2      | Found a burning altar of Makhleb.
  1730 | D:2      | Found a white marble altar of Elyvilon.
  1872 | D:3      | Noticed Hybris's ghost (amateur OgFi)
  1876 | D:3      | Gained mutation: You have a pair of small antennae on your head. [potion of beneficial mutation]
  1891 | D:3      | Mangled by Hybris's ghost

Skill      XL: |  1  2 |
---------------+-------+-----
Stealth        | 1 2 |  2.5
Short Blades   | 3 |  3.9
Fighting       | |  2.4
Dodging        | |  3.5
Invocations    | |  1.7

Action                   || total
-------------------------++-------
Melee: Short sword       ||   110
Invok: Depart the Abyss  ||     1
  Use: Potion            ||     2
       Scroll            ||     1
 Stab: Sleeping          ||     4
       Distracted        ||     1
Armor: Robe              ||    12
Dodge: Dodged            ||   100
